 Dungeon Crawl Stone Soup version 0.20.1-1-g8b1a95d66d (webtiles) character file.

4339 Ivernyr the Ogre Mage (level 10, 0/107 HPs)
             Began as an Ogre Wizard on Dec 15, 2017.
             Was a Priest of Sif Muna.
             Killed from afar by a hell hound (13 damage)
             ... with a blast of flame
             ... on level 8 of the Dungeon.
             The game lasted 00:53:21 (12675 turns).

Ivernyr the Ogre Mage (Ogre Wizard)                Turns: 12675, Time: 00:53:22

Health: 0/107      AC:  5    Str: 13    XL:     10   Next: 33%
Magic:  20/25      EV: 10    Int: 22    God:    Sif Muna [***...]
Gold:   414        SH:  0    Dex:  7    Spells: 23/32 levels left

rFire    + . .     SeeInvis .   q - +4 spear
rCold    + . .     Gourm    .   (no shield)
rNeg     . . .     Faith    .   C - +1 robe {rC+ rF+}
rPois    +         Spirit   .   b - +0 hat
rElec    .         Reflect  .   D - +0 cloak {rPois}
rCorr    .         Harm     .   (gloves unavailable)
MR       +....                  (boots unavailable)
Stlth    +.........             (no amulet)
Regen    0.0/turn               k - +1 ring of slaying
MPRegen  0.2/turn               (no ring)

@: no status effects
A: unfitting armour, inhibited regeneration, tough skin 1
a: Divine Energy, Channel Magic, Renounce Religion


You were on level 8 of the Dungeon.
You worshipped Sif Muna.
Sif Muna was most pleased with you.
You were hungry.

You visited 2 branches of the dungeon, and saw 9 of its levels.

You collected 524 gold pieces.
You spent 110 gold pieces at shops.

Inventory:

Hand Weapons
 q - a +4 spear (weapon)
Armour
 b - a +0 hat (worn)
 C - a +1 robe of resistance (worn)
 D - a +0 cloak of poison resistance (worn)
Magical Staves
 y - an uncursed staff of power
Jewellery
 k - a +1 ring of slaying (left hand)
 F - an uncursed ring of stealth {unknown}
Wands
 z - a wand of disintegration (13/24)
 B - a wand of confusion (28/48)
 E - a wand of confusion (14/48)
 G - a wand of flame (11/48)
Scrolls
 a - a scroll of recharging {unknown}
 e - 3 scrolls of enchant armour {unknown}
 i - 2 scrolls of immolation {unknown}
 l - 4 scrolls of remove curse
 m - 5 scrolls of teleportation
 n - a scroll of noise {unknown}
 o - 2 scrolls of magic mapping {unknown}
 s - a scroll of enchant weapon {unknown}
 v - 4 scrolls of identify {unknown}
Potions
 g - a potion of lignification {unknown}
 h - a potion of curing
 j - 2 potions of degeneration {unknown}
 p - 2 potions of heal wounds {unknown}
 r - 2 potions of haste {unknown}
 t - 2 potions of flight {unknown}
 w - a potion of mutation {unknown}
 A - a potion of might {unknown}
Books
 c - a book of Minor Magic

   Spells                             Type                      Level
   a - Magic Dart                     Conjuration                  1
   b - Blink                          Translocation                2
   c - Call Imp                       Summoning                    2
   d - Slow                           Hexes                        2
   e - Conjure Flame                  Conjuration/Fire             3
   f - Mephitic Cloud                 Conjuration/Poison/Air       3
Comestibles
 d - 5 bread rations
 f - 2 royal jellies
 u - 2 meat rations
 x - 3 fruits


   Skills:
 + Level 9.1 Fighting
 - Level 2.0 Dodging
 - Level 1.4 Stealth
 * Level 11.8 Spellcasting
 - Level 5.0 Conjurations
   Level 0.8 Summonings
 - Level 0.8 Translocations
 + Level 5.3 Invocations


You had 23 spell levels left.
You knew the following spells:

 Your Spells              Type           Power        Failure   Level  Hunger
a - Magic Dart            Conj           ####         1%          1    None
b - Blink                 Tloc           N/A          5%          2    None
c - Conjure Flame         Conj/Fire      ###.....     5%          3    None
d - Mephitic Cloud        Conj/Pois/Air  ###.....     8%          3    None


Dungeon Overview and Level Annotations

Branches:
Dungeon (8/15)             Temple (1/1) D:4            Lair (0/6) D:8

Altars:
Ashenzari
Elyvilon
Fedhas
Gozag
Kikubaaqudgha
Sif Muna
Uskayaw
Xom
Zin

Shops:
D:6 [

Annotations:
D:4 exclusion: oklob sapling


Innate Abilities, Weirdness & Mutations

You are too large for most types of armour.
You have tough skin. (AC +1)
You do not regenerate when monsters are visible.


Message History

You blink.
Casting: Blink
Confirm with . or Enter, or press ? or * to list all spells.
You blink.
The hell hound breathes flames at you. The blast of flame hits you! You resist.
* * * LOW HITPOINT WARNING * * *
The hell hound bites you but does no damage.
The hell hound bites you.
* * * LOW HITPOINT WARNING * * *
There is a stone staircase leading up here.
Casting: Blink
Confirm with . or Enter, or press ? or * to list all spells.
You blink.
The hell hound breathes flames at you. The blast of flame hits you! You resist.
* * * LOW HITPOINT WARNING * * *
The hell hound breathes flames at you. The blast of flame hits you! You resist.
You die...

....+.......#.#
....####...##.##
§....##........####
..§§..#.##........#
≈≈§§..#.##.##..##.#
≈≈§§....##....h##.#
..≈≈....##.###.##.#
§§h≈≈.#.##.###.##.#
§§.≈≈(#.......@##h#
§≈≈.≈..###........#
≈§≈≈?.. #.########
§...... #.# ###..#.
#.# ...... ..# ###
#. ###


You could see a hell hound.

Vanquished Creatures
  The ghost of Lamantho the Cleaver, a novice HOFi of Beogh (D:6)
  A gargoyle (D:7)
  Prince Ribbit (D:6)
  The ghost of jpmcintyre the Poker, an amateur MiGl (D:3)
  Eustachio (D:3)
  Edmund (D:6)
  Duvessa (D:4)
  2 sky beasts (D:7)
  A phantom (D:7)
  An ice beast (D:7)
  3 centaurs
  5 ogres
  A crocodile (D:4)
  Blork the orc (D:4)
  2 bullfrogs
  Dowan (D:4)
  4 scorpions
  5 wights (D:6)
  A centaur zombie (D:5)
  A centaur skeleton (D:5)
  A hound (D:5)
  3 jellies (D:5)
  3 bullfrog skeletons
  6 orc priests
  3 iguanas
  9 orc wizards
  4 worker ants
  A hound zombie (D:5)
  2 hound skeletons
  7 gnolls
  7 adders
  An ooze (D:3)
  3 adder zombies
  2 worms
  8 leopard geckos
  23 orcs
  9 giant cockroaches
  5 goblins
  9 hobgoblins
  3 jackals (D:2)
  3 quokkas
  A ball python (D:3)
  12 bats
  6 frilled lizards
  2 jackal skeletons
  A jackal zombie (D:6)
  11 kobolds
  8 rats
  A plant (D:4)
189 creatures vanquished.

Notes
Turn   | Place    | Note
-------+----------+-------------------------------------------
     0 | D:1      | Ivernyr the Ogre Wizard began the quest for the Orb.
     0 | D:1      | Reached XP level 1. HP: 16/16 MP: 5/5
   206 | D:1      | Reached skill level 1 in Conjurations
   291 | D:1      | Reached XP level 2. HP: 20/24 MP: 2/6
   340 | D:1      | Learned a level 2 spell: Blink
   538 | D:1      | Reached skill level 4 in Spellcasting
   993 | D:2      | Reached XP level 3. HP: 32/32 MP: 4/8
  1149 | D:2      | Reached skill level 1 in Fighting
  1323 | D:2      | Learned a level 3 spell: Conjure Flame
  1327 | D:2      | Learned a level 3 spell: Mephitic Cloud
  1682 | D:2      | Reached XP level 4. HP: 22/41 MP: 0/10
  2489 | D:2      | Reached skill level 5 in Spellcasting
  3014 | D:3      | Reached XP level 5. HP: 50/50 MP: 8/12
  3031 | D:3      | Noticed jpmcintyre's ghost (amateur MiGl)
  3108 | D:3      | Killed jpmcintyre's ghost
  3108 | D:3      | Reached XP level 6. HP: 16/61 MP: 9/14
  3447 | D:3      | Reached skill level 6 in Spellcasting
  3580 | D:3      | Found a hide-covered altar of Uskayaw.
  3784 | D:3      | Noticed a hand axe
  3784 | D:3      | Noticed a dagger
  4066 | D:3      | Reached XP level 7. HP: 68/68 MP: 3/16
  4540 | D:4      | Noticed Blork the orc
  4551 | D:4      | Killed Blork the orc
  4679 | D:4      | Noticed Eustachio
  5265 | D:3      | Killed Eustachio
  5265 | D:3      | Reached skill level 7 in Spellcasting
  5400 | D:4      | Found a staircase to the Ecumenical Temple.
  5461 | Temple   | Entered the Ecumenical Temple
  5485 | Temple   | Became a worshipper of Sif Muna the Loreminder
  5916 | D:4      | Noticed Duvessa
  5916 | D:4      | Noticed Dowan
  5930 | D:4      | Killed Duvessa
  5957 | D:4      | Reached skill level 5 in Fighting
  5957 | D:4      | Reached XP level 8. HP: 80/80 MP: 5/19
  5959 | D:4      | Killed Dowan
  6212 | D:4      | Reached skill level 8 in Spellcasting
  6625 | D:5      | Entered Level 5 of the Dungeon
  6988 | D:5      | Reached * piety under Sif Muna
  7389 | D:5      | Reached skill level 9 in Spellcasting
  7882 | D:5      | Reached skill level 5 in Conjurations
  8169 | D:5      | Reached skill level 1 in Invocations
  8169 | D:5      | Reached XP level 9. HP: 54/92 MP: 22/22
  8557 | D:5      | Reached ** piety under Sif Muna
  9053 | D:6      | Reached skill level 10 in Spellcasting
  9075 | D:6      | Noticed Lamantho's ghost (novice HOFi)
  9085 | D:6      | Killed Lamantho's ghost
  9185 | D:6      | Noticed Prince Ribbit
  9266 | D:6      | Killed Prince Ribbit
  9873 | D:6      | Noticed Edmund
  9938 | D:6      | Killed Edmund
 10428 | D:6      | Reached skill level 11 in Spellcasting
 10546 | D:6      | Found Fiuwnapp's Armour Shop.
 10554 | D:6      | Bought a +0 cloak of poison resistance for 110 gold pieces
 10756 | D:7      | Reached XP level 10. HP: 101/106 MP: 21/25
 11156 | D:7      | Gained mutation: You do not regenerate when monsters are visible. [mutagenic meat]
 11423 | D:7      | Noticed a gargoyle
 11468 | D:7      | Killed a gargoyle
 11468 | D:7      | Reached skill level 5 in Invocations
 12057 | D:7      | Found a glowing silver altar of Zin.
 12203 | D:7      | Reached *** piety under Sif Muna
 12628 | D:8      | Found a staircase to the Lair.
 12675 | D:8      | Killed from afar by a hell hound

Skill      XL: |  1  2  3  4  5  6  7  8  9 10 |
---------------+-------------------------------+-----
Conjurations   | 1 2 3 4 5 |  5.0
Dodging        | 2 |  2.0
Spellcasting   | 4 5 6 7 9 11 | 11.8
Fighting       | 1 2 3 5 6 8 9 |  9.1
Invocations    | 1 4 5 |  5.3
Stealth        | |  1.4
Summonings     | |  0.8
Translocations | |  0.8

Action                   |  1- 3 |  4- 6 |  7- 9 | 10-12 || total
-------------------------+-------+-------+-------+-------++-------
Melee: Unarmed           |    10 |     4 |       |       ||    14
       Spear             |       |    43 |   540 |   134 ||   717
 Cast: Magic Dart        |    92 |    99 |    95 |    28 ||   314
       Conjure Flame     |       |     5 |    37 |     7 ||    49
       Blink             |       |       |    13 |     4 ||    17
       Mephitic Cloud    |       |       |     2 |     1 ||     3
  Use: Scroll            |       |       |     2 |       ||     2
       Potion            |       |       |     1 |     1 ||     2
  Eat: Chunk             |     2 |     8 |    17 |     6 ||    33
       Meat ration       |       |       |     1 |       ||     1
Armor: Robe              |     6 |     9 |    65 |    24 ||   104
Dodge: Dodged            |    26 |    23 |   155 |    48 ||   252
